 Dungeon Crawl Stone Soup version 0.29-a0-837-g174bc33265 (webtiles) character file.

Game seed: 7820548588522686607

3445 PentaManta the Nimble (level 9, -3/43 HPs)
             Began as a Spriggan Berserker on July 13, 2022.
             Was a Priest of Trog.
             Slain by a yak (14 damage)
             ... on level 8 of the Dungeon.
             The game lasted 00:14:45 (9486 turns).

PentaManta the Nimble (Spriggan Berserker)          Turns: 9486, Time: 00:14:45

Health: -3/43      AC:  2    Str: 13    XL:     9   Next: 77%
Magic:  0/10       EV: 29    Int:  8    God:    Trog [***...]
Gold:   424        SH:  0    Dex: 19    Spells: 8/8 levels left

rFire   + . .      SeeInvis +   g - +1 dagger (elec)
rCold   . . .      Faith    .   (no shield)
rNeg    . . .      Spirit   +   b - +0 animal skin
rPois   .          Reflect  .   d - +0 hat
rElec   .          Harm     .   (no cloak)
rCorr   .          Rampage  .   (gloves unavailable)
Will    +++..                   (boots unavailable)
Stlth   ++........              y - amulet of guardian spirit
HPRegen 1.14/turn               u - ring of protection from fire
MPRegen 0.12/turn               (no ring)

@: strong-willed, on berserk cooldown, regenerating, slowed, quick
A: very small, no large weapons, unfitting armour, see invisible, speed 3
a: Renounce Religion, Berserk, Trog's Hand


You were on level 8 of the Dungeon.
You worshipped Trog.
Trog was most pleased with you.
You visited 2 branches of the dungeon, and saw 9 of its levels.

You collected 424 gold pieces.

Inventory:

Hand Weapons
 a - a +0 falchion
 g - a +1 dagger of electrocution (weapon)
 h - a +2 dagger of venom
 B - the +5 dagger of Greatest Utility {vorpal, SInv}
   (You found it on level 4 of the Dungeon)

   It inflicts extra damage upon your enemies.
   SInv:      It lets you see invisible.
 L - a +0 scimitar
 N - a +0 shortbow
Missiles
 p - 4 curare-tipped darts
 q - 15 poisoned darts
 Q - 2 silver boomerangs
Armour
 b - a +0 animal skin (worn)
 d - a +0 hat (worn)
Jewellery
 u - a ring of protection from fire (left hand)
 y - an amulet of guardian spirit (around neck)
 C - a ring of protection from cold
Wands
 o - a wand of iceblast (37) (quivered)
 I - a wand of paralysis (1)
 M - a wand of polymorph (4)
Scrolls
 c - 11 scrolls of identify {unknown}
 e - a scroll of noise {unknown}
 f - 8 scrolls of teleportation {unknown}
 m - 3 scrolls of fog {unknown}
 n - 3 scrolls of fear {unknown}
 r - 2 scrolls of enchant weapon {unknown}
 v - a scroll of torment {unknown}
 w - 2 scrolls of vulnerability {unknown}
 x - 4 scrolls of amnesia {unknown}
 E - 5 scrolls of blinking {unknown}
 G - a scroll of summoning {unknown}
 K - a scroll of immolation {unknown}
 P - 3 scrolls of magic mapping {unknown}
Potions
 i - a potion of cancellation {unknown}
 j - 2 potions of mutation {unknown}
 k - 2 potions of might {unknown}
 l - a potion of berserk rage {unknown}
 s - a potion of brilliance {unknown}
 t - 2 potions of degeneration {unknown}
 z - 2 potions of curing
 A - 4 potions of resistance {unknown}
 D - 3 potions of haste {unknown}
 F - 3 potions of ambrosia {unknown}
 H - 2 potions of invisibility {unknown}
 J - 2 potions of lignification {unknown}
 O - 2 potions of heal wounds {unknown}


   Skills:
 - Level 2.4 Fighting
 + Level 8.8(9.2) Short Blades
 - Level 2.8(5.1) Long Blades
 + Level 14.9 Dodging


You had 8 spell levels left.
You didn't know any spells.
Your spell library was empty.

Dungeon Overview and Level Annotations

Branches:
Dungeon (8/15)             Temple (1/1) D:7
   Lair: D:8-11

Altars:
Ashenzari
Cheibriados
Dithmenos
Elyvilon
Gozag
Hepliaklqana
Kikubaaqudgha
Makhleb
Nemelex Xobeh
Okawaru
Qazlal
Ru
Trog
Uskayaw
Vehumet
Wu Jian
Yredelemnul
Zin
The Shining One

Shops:
D:1 =

Portals:
Abyss: D:8

Annotations:
D:8 2 transporters, capka3m's ghost, novice MeEE


Innate Abilities, Weirdness & Mutations

You are very small and have problems with some larger weapons.
You are too small for most types of armour.
You have supernaturally acute eyesight. (SInv)
You cover ground extremely quickly. (Speed+++)


Message History

The yak closely misses you.
You hit the yak.
The yak is heavily wounded.
The yak completely misses you.
You hit the yak.
The yak is heavily wounded.
You hit the yak but do no damage.
The yak is heavily wounded.
The yak gores you!
* * * LOW HITPOINT WARNING * * *
You hit the yak.
The yak is heavily wounded.
The yak completely misses you.
You hit the yak but do no damage.
The yak is heavily wounded.
The yak gores you.
* * * LOW HITPOINT WARNING * * *
You hit the yak.
The yak is heavily wounded.
The yak gores you!
* * * LOW HITPOINT WARNING * * *
You hit the yak but do no damage.
The yak is heavily wounded.
You hit the yak but do no damage.
The yak is heavily wounded.
The yak completely misses you.
You hit the yak.
The yak is heavily wounded.
The yak completely misses you.
You hit the yak but do no damage.
The yak is heavily wounded.
The yak completely misses you.
You hit the yak.
The yak is heavily wounded.
You feel better. The yak barely misses you. The yak closely misses you.
Okay, then.
Your skin crawls.
You feel strong-willed. The yak gores you!
You die...

##.## ##.. #.# ##.. ##.## #...
## #...##########...
.#..Y####.#..............
...@YY......#########.#..
##..Y###.#### #.#.. ## #Y#
#.#.. #@# #.... ## #.# #....
##...#.############.#..
##................##.#..
##.......#########.##.#..
###.........##........#....
#...........##.#####..#.#..
##.#.........##.#####:.#.###
###.[......................###


You could see a yak.

Vanquished Creatures
  Joseph (D:8)
  Grinder (D:3)
  5 yaks (D:8)
  2 ice beasts
  A sky beast (D:7)
  2 water moccasins
  An orc warrior (D:8)
  2 black bears
  An ogre (D:5)
  A phantom (D:5)
  A centaur (D:7)
  A kobold brigand (D:7)
  A necrophage (D:6)
  6 scorpions
  5 hounds
  4 orc priests
  A jelly (D:5)
  3 iguanas
  Terence (D:3)
  4 orc wizards
  4 gnolls
  4 adders
  2 shadow imps
  2 white imps
  An ufetubus (D:5)
  3 worms
  5 dart slugs
  15 orcs
  4 bats (D:1)
  4 endoplasms
  2 giant cockroaches
  4 goblins
  3 hobgoblins
  7 jackals
  A quokka (D:2)
  5 ball pythons
  3 frilled lizards
  11 kobolds
  4 rats
128 creatures vanquished.

Vanquished Creatures (others)
  2 plants (D:4)
2 creatures vanquished.

Grand Total: 130 creatures vanquished

Notes
Turn   | Place    | Note
-------+----------+-------------------------------------------
     0 | D:1      | PentaManta the Spriggan Berserker began the quest for the
                  | Orb.
     0 | D:1      | Reached XP level 1. HP: 11/11 MP: 2/2
    58 | D:1      | Reached XP level 2. HP: 3/16 MP: 3/3
  1413 | D:1      | Reached skill level 5 in Dodging
  1694 | D:1      | Found Dial's Jewellery Shoppe.
  1914 | D:2      | Reached XP level 3. HP: 19/19 MP: 4/4
  2466 | D:2      | Found a faded altar of an unknown god.
  2697 | D:3      | Found a hide-covered altar of Uskayaw.
  2705 | D:3      | Noticed Grinder
  2759 | D:3      | Reached ** piety under Trog
  2902 | D:3      | Noticed Terence
  2912 | D:3      | Killed Terence
  2913 | D:3      | Reached skill level 6 in Dodging
  2913 | D:3      | Reached XP level 4. HP: 23/23 MP: 5/5
  2941 | D:3      | Killed Grinder
  2942 | D:3      | Reached skill level 8 in Dodging
  2942 | D:3      | Reached XP level 5. HP: 18/27 MP: 6/6
  2942 | D:3      | Reached XP level 6. HP: 21/32 MP: 7/7
  3609 | D:4      | Identified the +5 dagger of Greatest Utility {vorpal, SInv}
  3887 | D:4      | Reached skill level 9 in Dodging
  3967 | D:4      | Reached skill level 10 in Dodging
  3971 | D:4      | Reached XP level 7. HP: 13/35 MP: 3/8
  4170 | D:4      | Found an ancient bone altar of Kikubaaqudgha.
  4842 | D:5      | Entered Level 5 of the Dungeon
  4896 | D:5      | Found an iron altar of Okawaru.
  5058 | D:5      | Reached skill level 11 in Dodging
  5068 | D:5      | Reached skill level 1 in Short Blades
  5240 | D:5      | Reached XP level 8. HP: 22/39 MP: 3/9
  5654 | D:5      | Reached skill level 12 in Dodging
  5934 | D:5      | Reached skill level 5 in Short Blades
  6781 | D:6      | Found a bloodstained altar of Trog.
  6990 | D:6      | Found an ornate altar of the Wu Jian Council.
  7007 | D:6      | Reached skill level 13 in Dodging
  7568 | D:7      | Reached XP level 9. HP: 42/43 MP: 7/10
  7804 | D:7      | Reached *** piety under Trog
  8031 | D:7      | Found a staircase to the Ecumenical Temple.
  8232 | D:7      | Found a broken altar of Ashenzari.
  8507 | Temple   | Entered the Ecumenical Temple
  8507 | Temple   | Found a transporter.
  8507 | Temple   | Found a transporter.
  8509 | Temple   | Found a transporter.
  8509 | Temple   | Found a transporter.
  8802 | D:8      | Found a transporter.
  8844 | D:8      | Found a transporter.
  8896 | D:8      | Noticed Joseph
  8914 | D:8      | Found a one-way gate to the infinite horrors of the Abyss.
  8914 | D:8      | Noticed capka3m's ghost (novice MeEE)
  9344 | D:8      | Killed Joseph
  9345 | D:8      | Reached skill level 14 in Dodging
  9479 | D:8      | HP: 2/43 [yak (7)]
  9486 | D:8      | Slain by a yak

Illustrated notes

Levels and vault maps discovered:
D:1:      dpeg_arrival_renting, layout_basic, serial_shops, shop
D:2:      layout_loops_corners, hellmonk_ecumenical_altar_pennies_from_heaven
D:3:      layout_rooms, nicolae_uskayaw_dance_hall, minmay_cupped, uniq_grinder,
          uniq_terence
D:4:      layout_gridville, kennysheep_little_box, serial_bayou,
          serial_bayou_pond_c, serial_bayou_pond_a, serial_bayou_ford_a,
          serial_bayou_lagoon_b
D:5:      minmay_opposing_rooms, layout_rooms,
          mainiacjoe_overflow_concentric_impassable
D:6:      layout_basic, overflow_temple_1_default,
          nicolae_wu_jian_immortal_techniques, minivault_23, grunt_ministairs_6,
          hangedman_decor_growths, st_stairs_7
D:7:      layout_loops_ring, overflow_temple_1_default,
          minmay_temple_entry_sparse_star
D:8:      layout_loops_ring, gammafunk_ghost_abyssal_escape,
          chequers_serial_rivers_micro_d, uniq_joseph
Temple:   hellmonk_temple_divided_pantheon

Skill      XL: |  1  2  3  4  5  6  7  8  9 |
---------------+----------------------------+-----
Dodging        | 5 6 8 10 11 13 14 | 14.9
Short Blades   | 3 6 8 |  8.8
Fighting       | |  2.4
Long Blades    | |  2.8

Action                   |  1- 3 |  4- 6 |  7- 9 || total
-------------------------+-------+-------+-------++-------
Melee: Falchion          |    32 |       |       ||    32
       Dagger            |    73 |    72 |   422 ||   567
       Punch             |       |     2 |     4 ||     6
 Fire: Sling             |       |     2 |       ||     2
Throw: Dart              |     6 |     4 |       ||    10
Invok: Berserk           |     2 |     3 |    11 ||    16
       Trog's Hand       |       |     1 |     2 ||     3
  Use: Potion            |       |       |     1 ||     1
 Stab: Sleeping          |     6 |       |       ||     6
Armor: Animal skin       |     4 |     5 |     6 ||    15
Dodge: Dodged            |    63 |    47 |   353 ||   463

Table legend: (Time is in decaauts)
 A = Elapsed time spent in this place.
 B = Non-inter-level travel time spent in this place.
 C = Inter-level travel time spent in this place.
 D = Time resting spent in this place.
 E = Time spent auto-exploring this place.
 F = Levels seen in this place.
 G = Mean time per level.
                   A        B        C        D        E       F      G
               +--------+--------+--------+--------+--------+-----+--------+
         Total |   7449 |   7231 |    218 |    839 |   5254 |   9 |  827.7 |
       Dungeon |   7426 |   7208 |    218 |    839 |   5250 |   8 |  928.2 |
        Temple |     23 |     23 |      0 |      0 |      3 |   1 |   23.0 |
               +--------+--------+--------+--------+--------+-----+--------+

Top non-repeatable levels by time:
     D:1: 1454 daAuts
     D:5: 1129 daAuts
     D:4: 1119 daAuts
     D:6: 920 daAuts
     D:7: 819 daAuts
     D:3: 751 daAuts
     D:2: 629 daAuts
     D:8: 601 daAuts
  Temple: 23 daAuts
